Map: Simulacrum LE

Players

有跟沒有之間 (Lemon) - Winner!

  • Race: Zerg Zerg
  • League: Grandmaster
  • Spawn Location: 11:00

NORTHAMERICA

  • Race: Protoss Protoss
  • League: Grandmaster
  • Spawn Location: 5:00

VOD

Have the link to the VOD?

Description

Time

  • Played on: March 31, 2020, 4:12 a.m.
  • Length: 4:16
Show
View Real Time Build Order
Export as new Build Order

有跟沒有之間 Zerg - Winner!

Build Orders: Hatch First 

Get SALT Encoding   

  12  0:00  Drone  
  13  0:07  Drone  
  14  0:18  Overlord  
  14  0:24  Drone, Extractor  
  15  0:36  Drone  
  16  0:48  Hatchery  
  15  0:52  Drone  
  15  0:55  Drone  
  17  1:00  Drone  
  18  1:10  Extractor  
  17  1:15  Spawning Pool  
  17  1:17  Drone  
  17  1:20  Drone  
  18  1:27  Drone  
  19  1:45  Hatchery  
  18  1:47  Drone  
  18  1:51  Drone  
  20  2:02  Zergling x2  
  20  2:03  Queen  
  20  2:08  Drone  
  24  2:21  Roach Warren  
  23  2:23  Metabolic Boost  
  23  2:29  Zergling x4  
  25  2:34  Overlord  
  25  3:01  Roach x3  
  25  3:04  Roach  
  33  3:12  Roach  
  35  3:14  Overlord  
  35  3:16  Zergling x6  
  36  3:29  Zergling x8  
  40  3:38  Zergling x6  
  43  3:44  Overlord  
  43  3:47  Zergling x2  
Show
View Real Time Build Order
Export as new Build Order

NORTHAMERICA Protoss 

Build Orders: 1 Gate Expand, Oracle Opening, Phoenix Opening 

Get SALT Encoding   

  12  0:02  Probe  
  13  0:14  Probe  
  14  0:21  Pylon  
  14  0:26  Probe  
  15  0:39  Probe (Chrono Boost)  
  15  0:40  Gateway  
  17  0:50  Probe (Chrono Boost)  
  17  0:51  Assimilator  
  17  0:55  Probe (Chrono Boost)  
  18  1:06  Probe  
  19  1:18  Probe  
  20  1:25  Nexus  
  20  1:36  Cybernetics Core  
  20  1:39  Probe  
  21  1:45  Assimilator  
  21  1:55  Pylon  
  21  1:57  Probe  
  22  2:07  Probe  
  22  2:10  Adept (Chrono Boost)  
  22  2:15  Probe  
  26  2:23  Stargate  
  26  2:24  Probe  
  27  2:36  Stalker  
  30  2:39  Probe (Chrono Boost)  
  30  2:40  Probe (Chrono Boost)  
  31  2:49  Probe (Chrono Boost)  
  33  2:51  Probe (Chrono Boost)  
  33  2:54  Probe (Chrono Boost)  
  34  3:00  Probe  
  35  3:06  Probe  
  35  3:11  Phoenix (Chrono Boost)  
  35  3:12  Probe  
  39  3:18  Probe  
  40  3:24  Probe  
  41  3:30  Probe, Gateway  
  41  3:32  Oracle (Chrono Boost)  
  41  3:33  Pylon  
  45  3:38  Probe  
  46  3:51  Pylon, Probe x2  
  46  3:52  Assimilator  
  46  3:54  Assimilator  
  48  3:58  Pylon  
  51  4:07  Pylon  
  51  4:08  Pylon  
  47  4:12  Pylon  
Tags
 
Add a new tag
Caveats
  • Supply blocks, unpowered buildings, or Contaminate may cause inaccurate times.
  • Supply counts are checked every 10 seconds.